 Dungeon Crawl Stone Soup version 0.20.0-10-g0535bb4 (webtiles) character file.

415 dvd the Chopper (level 6, -2/40 HPs)
             Began as a Gargoyle Berserker on June 3, 2017.
             Was a Priest of Trog.
             Slain by Menkaure (6 damage)
             ... on level 4 of the Dungeon.
             The game lasted 00:06:56 (3375 turns).

dvd the Chopper (Gargoyle Berserker)                Turns: 3375, Time: 00:06:57

Health: -2/40      AC: 12    Str: 20    XL:     6   Next: 91%
Magic:  6/6        EV: 11    Int:  8    God:    Trog [***...]
Gold:   179        SH:  4    Dex: 11    Spells: 5/5 levels left

rFire    . . .     SeeInvis .   C - +4 quarterstaff (chaos)
rCold    . . .     Gourm    .   (shield currently unavailable)
rNeg     + . .     Faith    .   h - +0 ring mail
rPois    ∞         Spirit   .   y - +0 helmet
rElec    +         Reflect  +   D - +0 cloak
rCorr    .         Harm     .   (no gloves)
MR       ++...                  (no boots)
Stlth    +.........             v - +4 amulet of reflection
Regen    1.2/turn               (no ring)
MPRegen  0.1/turn               (no ring)

@: regenerating
A: negative energy resistance 1, electricity resistance, unbreathing,
petrification resistance, rot immunity, AC +4
a: Berserk, Trog's Hand, Burn Spellbooks, Renounce Religion


You were on level 4 of the Dungeon.
You worshipped Trog.
Trog was most pleased with you.
You were not hungry.

You visited 1 branch of the dungeon, and saw 4 of its levels.

You collected 179 gold pieces.

Inventory:

Hand Weapons
 a - a +0 hand axe
 x - a +0 hunting sling of freezing
 C - a +4 quarterstaff of chaos (weapon)
Missiles
 w - 6 tomahawks (quivered)
Armour
 h - a +0 ring mail (worn)
 y - a +0 helmet (worn)
 A - a +0 shield
 D - a +0 cloak (worn)
Jewellery
 e - an uncursed amulet of rage
 t - an uncursed amulet of guardian spirit
 v - a +4 amulet of reflection (around neck)
Scrolls
 d - 6 scrolls of identify {unknown}
 i - a scroll of fog {unknown}
 j - a scroll of recharging {unknown}
 m - a scroll of enchant weapon {unknown}
 n - 4 scrolls of remove curse {unknown}
 o - 3 scrolls of random uselessness {unknown}
 p - 4 scrolls of enchant armour {unknown}
 r - a scroll of noise {unknown}
Potions
 g - 2 potions of cancellation {unknown}
 l - a potion of flight {unknown}
 q - 2 potions of might {unknown}
 s - a potion of haste {unknown}
 u - 2 potions of agility {unknown}
 z - a potion of ambrosia {unknown}
 B - 3 potions of curing {unknown}
Comestibles
 b - 6 chunks of flesh
 c - 2 bread rations
 f - 6 fruits
 k - 2 royal jellies


   Skills:
 + Level 4.8 Fighting
 + Level 5.3 Axes
 + Level 3.4 Armour
 + Level 2.2 Dodging
 + Level 0.2 Stealth
 + Level 0.2 Shields


You had 5 spell levels left.
You didn't know any spells.

Dungeon Overview and Level Annotations

Branches:
Dungeon (4/15)             Temple (0/1) D:4

Altars:
Ashenzari
Cheibriados

Shops:
D:4 %

Annotations:
D:4 Menkaure


Innate Abilities, Weirdness & Mutations

You are resistant to torment.
Your stone body is resilient. (AC +4)
You are immune to poison.
You resist negative energy. (rN+)
You are resistant to electric shocks. (rElec)
You can survive without breathing.
You are immune to petrification.
You are immune to rotting.


Message History

You hit Menkaure.
Menkaure seems to speed up.
Menkaure is lightly damaged.
You block Menkaure's attack.
You completely miss Menkaure.
Menkaure is lightly damaged.
Menkaure hits you!!
* * * LOW HITPOINT WARNING * * *
Menkaure blazes with dark energy!
Menkaure closely misses you.
You sock Menkaure! You freeze Menkaure.
Menkaure is heavily damaged.
Menkaure hits you but does no damage.
Menkaure points at you and mumbles some strange words.
Pain shoots through your body!
* * * LOW HITPOINT WARNING * * *
Unknown command.
Your skin crawls.
You feel resistant to hostile enchantments.
You feel somewhat more hungry. Menkaure hits you.
You die...

#.####..##..........##########'#'
#...§≈§..#..........')[).......#.
#..≈§§≈≈.#..........#############
#.§≈≈≈≈≈≈...........#
#.§§≈>≈§≈...........#
#.≈≈≈≈§§§#..........####
#..≈≈≈§≈.#............!.
....≈§§.................
#####...........@M......
##############...... ..... ....
... .. .


You could see Menkaure.

Vanquished Creatures
  Crazy Yiuf (D:4)
  An orc priest (D:3)
  Jessica (D:2)
  A bullfrog skeleton (D:4)
  An orc wizard (D:3)
  3 worker ants
  Robin (D:4)
  9 adders
  2 oozes
  A worm (D:3)
  3 dart slugs
  A leopard gecko (D:2)
  7 orcs
  3 giant cockroaches
  15 goblins
  10 hobgoblins
  9 jackals
  7 kobolds
  4 quokkas
  2 ball pythons
  9 bats
  5 frilled lizards
  7 rats
103 creatures vanquished.

Notes
Turn   | Place    | Note
-------+----------+-------------------------------------------
     0 | D:1      | dvd the Gargoyle Berserker began the quest for the Orb.
     0 | D:1      | Reached XP level 1. HP: 14/14 MP: 1/1
   152 | D:1      | Reached XP level 2. HP: 12/19 MP: 2/2
   302 | D:1      | Reached skill level 3 in Axes
   776 | D:2      | Reached XP level 3. HP: 21/24 MP: 3/3
  1007 | D:2      | Reached XP level 4. HP: 20/29 MP: 4/4
  1194 | D:2      | Noticed Jessica
  1205 | D:2      | Killed Jessica
  1271 | D:2      | Reached ** piety under Trog
  1543 | D:2      | Reached XP level 5. HP: 33/34 MP: 5/5
  1561 | D:2      | Reached skill level 4 in Axes
  1923 | D:3      | Reached XP level 6. HP: 39/39 MP: 6/6
  2623 | D:3      | Reached *** piety under Trog
  2721 | D:3      | Reached skill level 5 in Axes
  2815 | D:4      | Found a shattered altar of Ashenzari.
  3072 | D:4      | Found a snail-covered altar of Cheibriados.
  3111 | D:4      | Noticed Robin
  3164 | D:4      | Killed Robin
  3198 | D:4      | Found Rittamea's Food Shop.
  3260 | D:4      | Found a staircase to the Ecumenical Temple.
  3307 | D:4      | Found a runed door.
  3311 | D:4      | Noticed Crazy Yiuf
  3323 | D:4      | Killed Crazy Yiuf
  3369 | D:4      | Noticed Menkaure
  3375 | D:4      | Slain by Menkaure

Skill      XL: |  1  2  3  4  5  6 |
---------------+-------------------+-----
Axes           | 3 4 5 |  5.3
Fighting       | 4 |  4.8
Dodging        | 2 |  2.2
Armour         | 3 |  3.4
Stealth        | |  0.2
Shields        | |  0.2

Action                   |  1- 3 |  4- 6 || total
-------------------------+-------+-------++-------
Melee: Hand axe          |    98 |   248 ||   346
       Quarterstaff      |       |     4 ||     4
Invok: Berserk           |     2 |     1 ||     3
       Trog's Hand       |       |     2 ||     2
  Eat: Chunk             |     3 |     9 ||    12
Armor: Animal skin       |     8 |       ||     8
       Ring mail         |    41 |   122 ||   163
Dodge: Dodged            |    68 |   149 ||   217
Block: Other             |       |    19 ||    19
       Shield            |       |     5 ||     5
       Reflection        |       |     1 ||     1
